Map: Bridgehead LE (Void)

Players

SticklerMac - Winner!

  • Race: Zerg Zerg
  • League: Silver

Ness

  • Race: Protoss Protoss
  • League: Grandmaster

VOD

Have the link to the VOD?

Description

Time

  • Played on: Sept. 26, 2015, 8:42 p.m.
  • Length: 4:27
Show
View Real Time Build Order
Export as new Build Order

SticklerMac Zerg - Winner!

Build Orders: Hatch First 

Get SALT Encoding   

  12  0:03  Drone  
  13  0:12  Overlord  
  13  0:17  Drone  
  14  0:31  Drone  
  15  0:36  Drone  
  16  0:46  Drone  
  17  0:58  Hatchery  
  17  1:00  Drone  
  17  1:07  Extractor  
  17  1:08  Drone  
  17  1:16  Spawning Pool  
  16  1:20  Drone  
  17  1:29  Drone  
  18  1:42  Drone  
  19  1:51  Drone  
  20  2:05  Queen  
  20  2:06  Metabolic Boost  
  22  2:10  Queen  
  22  2:12  Drone x3  
  27  2:21  Overlord  
  27  2:33  Drone  
  27  2:35  Overlord x2  
  28  2:49  Drone x2  
  30  2:52  Lair  
  30  2:55  Drone  
  30  2:58  Zergling x2  
  32  3:00  Queen  
  32  3:05  Zergling x2  
  35  3:09  Drone  
  36  3:19  Zergling x8  
  41  3:20  Zergling x6  
  43  3:29  Zergling x6  
  43  3:30  Zergling x2  
  43  3:34  Drone  
  49  3:41  Drone  
  49  3:57  Zergling x4  
  49  3:58  Zergling x2  
Show
View Real Time Build Order
Export as new Build Order

Ness Protoss 

Build Orders:  

Get SALT Encoding   

  12  0:02  Probe (Chrono Boost)  
  13  0:12  Probe (Chrono Boost)  
  14  0:22  Probe (Chrono Boost)  
  15  0:31  Pylon  
  15  0:42  Assimilator  
  15  0:47  Assimilator  
  15  0:48  Probe (Chrono Boost)  
  16  0:54  Gateway  
  16  0:59  Probe (Chrono Boost)  
  17  1:08  Probe (Chrono Boost)  
  18  1:18  Probe (Chrono Boost)  
  18  1:20  Pylon  
  18  1:24  Pylon  
  19  1:29  Probe (Chrono Boost)  
  20  1:39  Probe (Chrono Boost)  
  21  1:47  Cybernetics Core  
  21  1:48  Probe (Chrono Boost)  
  22  2:10  Nexus  
  22  2:17  Pylon  
  22  2:24  Warp Gate  
  22  2:40  Gateway  
  22  2:44  Pylon  
  22  2:50  Forge  
  22  2:51  Probe (Chrono Boost)  
  23  3:16  Pylon  
  23  3:18  Probe (Chrono Boost)  
  24  3:25  Gateway  
  24  3:27  Gateway  
  24  3:28  Probe (Chrono Boost)  
  25  3:42  Twilight Council  
  25  3:52  Photon Cannon  
  25  4:04  Photon Cannon  
Tags
 
Add a new tag
Caveats
  • Supply blocks, unpowered buildings, or Contaminate may cause inaccurate times.
  • Supply counts are checked every 10 seconds.